 Dungeon Crawl Stone Soup version 0.21.1-1-g345015f (webtiles) character file.

126 shakethe the Shield-Bearer (level 5, -4/32 HPs)
             Began as a Gargoyle Fighter on Feb 10, 2018.
             Killed from afar by an orc wizard (8 damage)
             ... with a magic dart
             ... on level 3 of the Dungeon.
             The game lasted 00:02:19 (1611 turns).

shakethe the Shield-Bearer (Gargoyle Fighter)       Turns: 1611, Time: 00:02:19

Health: -4/32      AC: 11    Str: 20    XL:     5   Next: 9%
Magic:  5/5        EV:  7    Int:  8    God:
Gold:   191        SH:  9    Dex: 10    Spells: 4/4 levels left

rFire    . . .     SeeInvis .   a - +0 flail
rCold    . . .     Gourm    .   c - +0 shield
rNeg     + . .     Faith    .   b - +0 scale mail
rPois    ∞         Spirit   .   (no helmet)
rElec    +         Reflect  .   (no cloak)
rCorr    .         Harm     .   (no gloves)
MR       .....                  (no boots)
Stlth    ..........             (no amulet)
HPRegen  0.10/turn              (no ring)
MPRegen  0.09/turn              (no ring)

@: no status effects
A: negative energy resistance 1, electricity resistance, unbreathing,
petrification resistance, rot immunity, AC +4
a: no special abilities


You were on level 3 of the Dungeon.
You were not hungry.

You visited 1 branch of the dungeon, and saw 3 of its levels.

You collected 191 gold pieces.

Inventory:

Hand Weapons
 a - a +0 flail (weapon)
Armour
 b - a +0 scale mail (worn)
 c - a +0 shield (worn)
 i - a +0 cloak
   (You found it on level 1 of the Dungeon)
Jewellery
 m - a cursed ring of loudness {unknown}
   (You found it on level 2 of the Dungeon)
 p - an uncursed ring of ice {unknown}
   (You found it on level 3 of the Dungeon)
Wands
 s - a wand of polymorph (6)
   (You found it on level 3 of the Dungeon)
Scrolls
 g - a scroll of fear {unknown}
 h - 2 scrolls of magic mapping {unknown}
 j - 2 scrolls of identify {unknown}
 k - 2 scrolls of teleportation {unknown}
 n - a scroll of remove curse {unknown}
 q - a scroll of random uselessness {unknown}
 r - a scroll of fog {unknown}
Potions
 d - a potion of might
 e - a potion of cancellation {unknown}
 l - a potion of curing {unknown}
 o - 2 potions of resistance {unknown}
Comestibles
 f - 6 rations


   Skills:
 - Level 3.2 Fighting
 - Level 2.0 Maces & Flails
 + Level 4.9 Armour
 + Level 4.9 Shields


You had 4 spell levels left.
You didn't know any spells.

Dungeon Overview and Level Annotations

Branches:
Dungeon (3/15)

Altars:
Makhleb
Vehumet


Innate Abilities, Weirdness & Mutations

You are resistant to torment.
Your stone body is resilient. (AC +4)
You are immune to poison.
You resist negative energy. (rN+)
You are resistant to electric shocks. (rElec)
You can survive without breathing.
You are immune to petrification.
You are immune to rotting.


Message History

You take 3 damage, and have 13/32 hp.
You closely miss the orc wizard.
The orc wizard mumbles some strange words.
The orc wizard flickers and vanishes!
Deactivating autopickup; reactivate with Ctrl-A.
You barely miss something. Something hits you.
Something hits you but does no damage.
You take 1 damage, and have 12/32 hp.
You miss something. You block something's attack.
Your shield and scale mail prevent you from hitting something.
Something hits you but does no damage.
You barely miss something.
You hear some strange, mumbled words.
A magic dart appears from out of thin air!
The magic dart hits you!
You hear some strange, mumbled words.
Something tries to affect you, but you resist.
You miss something.
You hear some strange, mumbled words.
Something tries to affect you, but you resist.
You miss something. You block something's attack.
You completely miss something.
Something hits you but does no damage. x2
You miss something.
You hear some strange, mumbled words.
A magic dart appears from out of thin air!
The magic dart hits you!
* * * LOW HITPOINT WARNING * * *
You take 6 damage, and have 7/32 hp.
You miss something.
You hear some strange, mumbled words.
A magic dart appears from out of thin air!
The magic dart hits you!
Your shield and scale mail prevent you from hitting something.
Something hits you but does no damage.
You hear some strange, mumbled words.
You are confused.
You miss something. Something hits you but does no damage.
You miss something.
Something hits you but does no damage. x2
You barely miss something.
You hear some strange, mumbled words.
A puff of flame appears from out of thin air!
The puff of flame hits you!
* * * LOW HITPOINT WARNING * * *
You take 3 damage, and have 5/32 hp.
You completely miss something.
You hear some strange, mumbled words.
You are more confused.
Something hits you but does no damage. Something hits you but does no damage.
Something hits you but does no damage. Something hits you but does no damage.
Something hits you but does no damage.
Things that are here:
a trident; a leather armour You hear some strange, mumbled words.
Something tries to affect you, but you resist.
Items here: ) [ †† a leather armour; a club; an orc corpse; a hobgoblin corpse You hear some strange, mumbled words.
Something tries to affect you, but you resist.
You feel less confused.
You hear some strange, mumbled words.
You are confused.
You're too confused to move!
Something hits you but does no damage.
You hear some strange, mumbled words.
A puff of flame appears from out of thin air!
The puff of flame hits you!
* * * LOW HITPOINT WARNING * * *
You take 2 damage, and have 5/32 hp.
You feel less confused. Something hits you but does no damage.
You miss something.
An orc wizard appears from thin air!
Reactivating autopickup.
The orc wizard closely misses you.
The orc wizard hits you but does no damage.
You miss the orc wizard. You block the orc wizard's attack.
You closely miss the orc wizard. You block the orc wizard's attack.
The orc wizard gestures wildly while chanting.
The orc wizard flickers and vanishes!
Deactivating autopickup; reactivate with Ctrl-A.
You miss something. Something hits you but does no damage.
You miss something.
You hear some strange, mumbled words.
A magic dart appears from out of thin air!
The magic dart hits you!
* * * LOW HITPOINT WARNING * * *
You closely miss something.
Something hits you but does no damage. x2
You closely miss something. Something hits you.
* * * LOW HITPOINT WARNING * * *
You take 1 damage, and have 4/32 hp.
You completely miss something. Something hits you but does no damage.
You barely miss something.
Something hits you but does no damage. x2
You miss something. You block something's attack.
You sock something! Something hits you but does no damage.
You closely miss something.
You hear some strange, mumbled words.
A magic dart appears from out of thin air!
The magic dart hits you!
You die...

############.########........###
#......................><.......
#.##########..#######.......>...
#.# ##.# #........... #.# #.###
#########.#. #.# #...# ## # #.#
###.# .. #.# #.# .# #.# #@# ##.#
#.#### #{###..### #.#..#
#........###. #.#..#
#.#..........
#.#'####+####+#.#.......#
#..............##[[.....#
#...............#)......#
##..............#....?..#
##'####'####'#.#......##


There were no monsters in sight!

Vanquished Creatures
  6 adders (D:3)
  A worm (D:2)
  4 dart slugs
  2 leopard geckos
  4 orcs (D:3)
  A giant cockroach (D:2)
  4 goblins
  5 hobgoblins
  9 jackals (D:2)
  6 kobolds
  5 ball pythons
  2 bats
  A frilled lizard (D:2)
  3 rats
53 creatures vanquished.

Notes
Turn   | Place    | Note
-------+----------+-------------------------------------------
     0 | D:1      | shakethe the Gargoyle Fighter began the quest for the Orb.
     0 | D:1      | Reached XP level 1. HP: 14/14 MP: 1/1
   331 | D:1      | Reached XP level 2. HP: 18/19 MP: 2/2
   799 | D:2      | Reached XP level 3. HP: 23/23 MP: 3/3
   809 | D:2      | Reached skill level 4 in Armour
   809 | D:2      | Reached skill level 4 in Shields
  1096 | D:2      | Found a burning altar of Makhleb.
  1097 | D:2      | Found a radiant altar of Vehumet.
  1273 | D:3      | Reached XP level 4. HP: 23/28 MP: 4/4
  1526 | D:3      | Reached XP level 5. HP: 31/32 MP: 5/5
  1576 | D:3      | HP: 7/32 [something/magic dart (6)]
  1581 | D:3      | HP: 5/32 [something/puff of flame (3)]
  1598 | D:3      | HP: 5/32 [something/puff of flame (2)]
  1604 | D:3      | HP: 5/32 [something/magic dart (1)]
  1611 | D:3      | Killed from afar by an orc wizard

Skill      XL: |  1  2  3 |
---------------+----------+-----
Armour         | 4 |  4.9
Shields        | 4 |  4.9
Fighting       | |  3.2
Maces & Flails | |  2.0

Action                   |  1- 3 |  4- 6 || total
-------------------------+-------+-------++-------
Melee: Flail             |   172 |   115 ||   287
  Eat: Chunk             |     2 |       ||     2
       Ration            |     1 |       ||     1
Armor: Scale mail        |   128 |    83 ||   211
Dodge: Dodged            |    59 |    48 ||   107
Block: Shield            |   108 |    67 ||   175

Vault maps used:
D:1:      elethiomel_arrival_maze
D:2:      gammafunk_temple_overflow_statue, first_ration
D:3:      nrook_mini_vaults, minmay_snake_closets

Table legend:
 A = Turns spent in this place as a percentage of turns spent in the entire game.
 B = Non-inter-level travel turns spent in this place as a percentage of non-inter-level travel turns spent in the entire game.
 C = Inter-level travel turns spent in this place as a percentage of turns spent in this place.
 D = Turns resting spent in this place as a percentage of non-inter-level travel turns spent in this place.
 E = Turns spent auto-exploring this place as a percentage of non-inter-level travel turns spent in this place.
 F = Non-inter-level travel turns spent in this place divided by the number of levels of this place that you've seen.
                   A       B       C       D       E      F
               +-------+-------+-------+-------+-------+----------------------
         Total | 100.0 | 100.0 |   0.0 |   6.7 |  62.8 | 537.0
       Dungeon | 100.0 | 100.0 |   0.0 |   6.7 |  62.8 | 537.0
               +-------+-------+-------+-------+-------+----------------------

Table legend:
 A = Kills in this place as a percentage of kills in entire the game.
 B = Kills by you in this place as a percentage of kills by you in the entire game.
 C = Kills by friends in this place as a percentage of kills by friends in the entire game.
 D = Other kills in this place as a percentage of other kills in the entire game.
 E = Experience gained in this place as a percentage of experience gained in the entire game.
 F = Experience gained in this place divided by the number of levels of this place that you have seen.
                   A       B       C       D       E      F
               +-------+-------+-------+-------+-------+----------------------
         Total | 100.0 | 100.0 |   N/A |   N/A | 100.0 |  60.0
       Dungeon | 100.0 | 100.0 |   N/A |   N/A | 100.0 |  60.0
               +-------+-------+-------+-------+-------+----------------------
